 Dungeon Crawl Stone Soup version 0.28.0 (webtiles) character file.

Game seed: 16094902431019270489

5607 Kaptain the Geomancer (level 10, -1/59 HPs)
             Began as a Gargoyle Earth Elementalist on Feb 9, 2022.
             Slain by a wyvern (8 damage)
             ... on level 8 of the Dungeon.
             The game lasted 00:20:35 (10037 turns).

Kaptain the Geomancer (GrEE)                       Turns: 10037, Time: 00:20:36

Health: -1/59      AC: 11    Str: 12    XL:     10   Next: 73%
Magic:  9/20       EV: 11    Int: 20    God:
Gold:   457        SH:  4    Dex: 10    Spells: 19/23 levels left

rFire   . . .      SeeInvis .   j - +1 trident (protect)
rCold   . . .      Faith    .   b - +0 buckler
rNeg    + . .      Spirit   .   m - +0 leather armour
rPois   ∞          Reflect  .   (no helmet)
rElec   +          Harm     .   w - scarf {shadows}
rCorr   .          Rampage  .   (no gloves)
Will    .....                   (no boots)
Stlth   +++.......              (no amulet)
HPRegen 0.19/turn               o - ring of flight
MPRegen 0.17/turn               (no ring)

@: flying, very slightly contaminated, studying Armour
A: sickness immunity, AC +7, negative energy resistance 1, electricity
resistance, torment resistance 1, petrification resistance
a: no special abilities


You were on level 8 of the Dungeon.
You visited 1 branch of the dungeon, and saw 9 of its levels.

You collected 506 gold pieces.
You spent 49 gold pieces at shops.

Inventory:

Hand Weapons
 a - a +4 dagger of venom
 f - a +0 morningstar
 g - a +2 whip of electrocution
 j - a +1 trident of protection (weapon)
 D - a +3 falchion
Missiles
 h - 2 throwing nets
 y - 42 stones
Armour
 b - a +0 buckler (worn)
 m - a +0 leather armour (worn)
 w - a scarf of shadows (worn)
Magical Staves
 u - a staff of death
Jewellery
 o - a ring of flight (left hand)
 z - a ring of ice
Wands
 A - a wand of polymorph (8)
 B - a wand of paralysis (7)
 C - a wand of flame (20)
Scrolls
 c - 3 scrolls of identify
 i - 3 scrolls of noise {unknown}
 k - a scroll of fear {unknown}
 l - 2 scrolls of teleportation {unknown}
 q - a scroll of magic mapping
 r - a scroll of enchant weapon {unknown}
 v - a scroll of vulnerability {unknown}
 x - a scroll of enchant armour {unknown}
Potions
 d - a potion of attraction {unknown}
 e - 4 potions of curing
 n - 3 potions of heal wounds
 p - 3 potions of invisibility
 s - a potion of berserk rage {unknown}
 t - a potion of lignification {unknown}
 E - a potion of magic {unknown}
Miscellaneous
 F - a tin of tremorstones (2/2)


   Skills:
 + Level 5.2 Fighting
 + Level 7.3 Armour
 - Level 2.3 Dodging
 + Level 6.4 Stealth
 + Level 4.8 Shields
 * Level 7.0 Spellcasting
 * Level 6.3 Conjurations
 - Level 0.7 Transmutations
 * Level 9.6 Earth Magic


You had 19 spell levels left.
You knew the following spells:

 Your Spells              Type           Power      Damage    Failure   Level
a - Sandblast             Erth           90%        2d19      1%          1
b - Stone Arrow           Conj/Erth      76%        3d11      1%          3

Your spell library contained the following spells:

 Spells                   Type           Power      Damage    Failure   Level
 Passwall                 Tmut/Erth      22%        N/A       2%          2
 Conjure Flame            Conj/Fire      19%        6-21      12%         3
 Petrify                  Tmut/Erth      27%        N/A       19%         4
 Ensorcelled Hibernation  Hex/Ice        14%        N/A       22%         2
 Ignite Poison            Fire/Tmut/Pois 8%         N/A       38%         3
 Sticky Flame             Conj/Fire      19%        2d4       38%         4
 Swiftness                Air            7%         N/A       41%         3


Dungeon Overview and Level Annotations

Branches:
Dungeon (9/15)             Temple (0/1) D:5
   Lair: D:8-11         Orc: D:9-12

Altars:
Ashenzari
Dithmenos
Elyvilon
Ru
Trog
Uskayaw
Vehumet
Yredelemnul
Zin
The Shining One

Shops:
D:6 ?((   D:7 [


Innate Abilities, Weirdness & Mutations

You are immune to sickness and miasma.
Your stone body is resilient. (AC +7)
You are immune to poison.
You resist negative energy. (rN+)
You are resistant to electric shocks. (rElec)
You are resistant to unholy torment.
You are immune to petrification.


Message History

The arrow hits you!
Casting: Stone Arrow (safe; 1% risk of failure)
Confirm with . or Enter, or press ? or * to list all spells.
Aiming: Stone Arrow (safe; 1% risk of failure)
Press: ? - help, Shift-Dir - straight line, f/p - centaur
Aim: a centaur, wielding a +0 shortbow and quivering arrows (almost dead, 84% to hit)
The stone arrow hits the centaur!
You kill the centaur!
Unknown command.
There is a stone staircase leading up here.
The centaur zombie hits you but does no damage.
The centaur zombie barely misses you. The wyvern bites you!
The centaur zombie closely misses you. x2; The wyvern bites you.
You fly upwards.
There is a stone staircase leading down here.
Casting: Stone Arrow (safe; 1% risk of failure)
Confirm with . or Enter, or press ? or * to list all spells.
Aiming: Sandblast (safe; 1% risk of failure)
Press: ? - help, Shift-Dir - straight line, f - wyvern
Aim: a wyvern (83% to hit)
You miscast Sandblast.
You are very lightly contaminated with residual magic.
Nothing appears to happen.
The wyvern bites you!
Casting: Sandblast (safe; 1% risk of failure)
Confirm with . or Enter, or press ? or * to list all spells.
Aiming: Sandblast (safe; 1% risk of failure)
Press: ? - help, Shift-Dir - straight line, f/p - wyvern
Aim: a wyvern (83% to hit)
The blast of sand misses the wyvern.
The wyvern bites you. The wyvern bites you!
* * * LOW HITPOINT WARNING * * *
Casting: Sandblast (safe; 1% risk of failure)
Confirm with . or Enter, or press ? or * to list all spells.
Aiming: Sandblast (safe; 1% risk of failure)
Press: ? - help, Shift-Dir - straight line, f/p - wyvern
Aim: a wyvern (83% to hit)
The blast of sand hits the wyvern.
The wyvern is lightly wounded.
The wyvern bites you!
You die...

#.###.#
#................ #.#
#.# ##..##.#..####.##
#.#
#.####..............#
#.#
#.#.....####........#
#.#
#.#.......###.##.....
#.#
#.#...###.###.##.##.#
#.# #.##.##
#.#......##.# #.#
#.#...###...#.#..##..
#.#
#...@.....[.........#
#.#
###.l.####..#.#..####
#.# ##.##
#........... #.# #.#
#.#.#.###### #.# #.#
#..###...... #.# #.#
#...#.#.#### #.# #.#
###.....#.# # #<#
#.###.......#.# # #.#
#.............# #


You could see a wyvern.

Vanquished Creatures
  A two-headed ogre (D:8)
  The ghost of DrunkBamboolord the Thaumaturge, a novice DENe (D:7)
  Grinder (D:3)
  3 slime creatures (D:8)
  A shadow (D:9)
  A wyvern (D:9)
  A steam dragon (D:9)
  Menkaure (D:6)
  A water moccasin (D:6)
  A sky beast (D:6)
  2 ice beasts
  A black bear (D:4)
  A necrophage (D:6)
  3 ogres
  3 centaurs
  2 phantoms
  2 bullfrogs
  3 kobold brigands (D:8)
  3 scorpions
  3 gnoll sergeants
  A water moccasin skeleton (D:4)
  3 wights (D:8)
  2 electric eels
  A bullfrog zombie (D:6)
  2 centaur zombies
  3 hounds
  3 orc priests
  A gnoll shaman (D:3)
  9 jellies
  A centaur skeleton (D:5)
  3 iguanas
  6 orc wizards
  Natasha (twice) (D:3)
  2 howler monkey zombies
  A howler monkey skeleton (D:7)
  13 gnolls
  5 adders
  A white imp (D:6)
  A worm (D:4)
  3 dart slugs (D:2)
  23 orcs
  3 bats
  12 endoplasms
  2 giant cockroaches
  8 goblins
  8 hobgoblins
  2 jackals (D:1)
  24 kobolds
  2 quokkas
  9 ball pythons
  4 frilled lizards
  A quokka skeleton (D:4)
  6 rats
202 creatures vanquished.

Vanquished Creatures (others)
  50 fungi
  6 plants (D:2)
  7 toadstools (D:8)
63 creatures vanquished.

Grand Total: 265 creatures vanquished

Notes
Turn   | Place    | Note
-------+----------+-------------------------------------------
     0 | D:1      | Kaptain the Gargoyle Earth Elementalist began the quest for
                  | the Orb.
     0 | D:1      | Reached XP level 1. HP: 10/10 MP: 3/3
   161 | D:1      | Reached XP level 2. HP: 4/15 MP: 3/5
   723 | D:1      | Reached skill level 4 in Earth Magic
   724 | D:1      | Reached XP level 3. HP: 18/20 MP: 6/6
   732 | D:1      | Learned a level 3 spell: Stone Arrow
  1282 | D:2      | Reached skill level 1 in Armour
  1365 | D:2      | Reached XP level 4. HP: 24/24 MP: 7/7
  1513 | D:2      | Reached skill level 1 in Fighting
  2115 | D:3      | Noticed Grinder
  2123 | D:3      | Killed Grinder
  2124 | D:3      | Reached skill level 5 in Earth Magic
  2124 | D:3      | Reached XP level 5. HP: 24/30 MP: 2/10
  2124 | D:3      | Reached XP level 6. HP: 28/35 MP: 2/11
  2222 | D:3      | Found a glowing silver altar of Zin.
  2551 | D:3      | Noticed Natasha
  2554 | D:3      | Killed Natasha
  3037 | D:4      | Noticed a black bear
  3235 | D:3      | Noticed Natasha
  3245 | D:3      | Killed Natasha
  3246 | D:3      | Reached XP level 7. HP: 28/40 MP: 10/12
  3350 | D:4      | Reached skill level 1 in Shields
  3632 | D:4      | Found a basalt altar of Yredelemnul.
  3684 | D:4      | Found a broken altar of Ashenzari.
  3703 | D:4      | Found a sacrificial altar of Ru.
  3712 | D:4      | Reached skill level 6 in Earth Magic
  4162 | D:4      | Found a hide-covered altar of Uskayaw.
  4240 | D:4      | Reached XP level 8. HP: 45/45 MP: 7/14
  4398 | D:4      | Reached skill level 1 in Conjurations
  4542 | D:5      | Entered Level 5 of the Dungeon
  4555 | D:5      | Found a staircase to the Ecumenical Temple.
  4623 | D:5      | You are sucked into a shaft and drop 1 floor!
  4903 | D:6      | Reached skill level 7 in Earth Magic
  5001 | D:6      | Reached skill level 5 in Spellcasting
  5116 | D:6      | Found Nenlidopn's Magic Scroll Emporium.
  5124 | D:6      | Found Agam's Weapon Boutique.
  5126 | D:6      | Bought a scroll of magic mapping for 49 gold pieces
  5207 | D:6      | Found Veitamp's General Store.
  5323 | D:6      | Reached XP level 9. HP: 35/51 MP: 10/16
  5325 | D:6      | Reached skill level 5 in Armour
  5337 | D:6      | Reached skill level 5 in Stealth
  5552 | D:6      | Noticed Menkaure
  5555 | D:6      | Killed Menkaure
  5895 | D:6      | Found a radiant altar of Vehumet.
  5922 | D:6      | Found a glowing golden altar of the Shining One.
  6206 | D:6      | Found Maojiciph's Weapon Boutique.
  6316 | D:6      | Reached skill level 8 in Earth Magic
  6699 | D:7      | Found a runed translucent door.
  6703 | D:7      | Found Codot's Armour Shoppe.
  7574 | D:7      | Noticed DrunkBamboolord's ghost (novice DENe)
  7584 | D:7      | Killed DrunkBamboolord's ghost
  7731 | D:8      | Reached skill level 5 in Conjurations
  8072 | D:8      | Found a white marble altar of Elyvilon.
  8203 | D:8      | Found a bloodstained altar of Trog.
  8295 | D:8      | Reached XP level 10. HP: 58/58 MP: 19/19
  8433 | D:8      | Noticed a two-headed ogre
  8445 | D:8      | Killed a two-headed ogre
  8446 | D:8      | Reached skill level 9 in Earth Magic
  8868 | D:8      | Reached skill level 5 in Fighting
  9128 | D:8      | Found a shadowy altar of Dithmenos.
 10037 | D:8      | Slain by a wyvern

Illustrated notes

Levels and vault maps discovered:
D:1:      amcnicky_arrival_abandoned_market, layout_basic, minmay_pentomino_q4
D:2:      layout_rooms, serial_forest, infiniplex_forest_clump_medium,
          infiniplex_forest_lined_4_way, infiniplex_forest_lined_4_way,
          infiniplex_forest_straight_3, infiniplex_forest_lined_4_way,
          infiniplex_forest_clump_C, infiniplex_forest_clump_double,
          infiniplex_forest_clump_long
D:3:      layout_basic, lemuel_tele_altar, uniq_grinder, uniq_natasha
D:4:      minmay_diamond_boxcup, layout_basic,
          mainiacjoe_overflow_catch_the_wave, general_overflow_altar,
          mainiacjoe_overflow_tiny_flanked, minivault_25, minmay_manual_mail
D:5:      layout_loops_ring, mainiacjoe_overflow_paths,
          minmay_temple_entry_proselytizer, hangedman_abyss_or_decor_passed,
          ebering_dispersal_statue_hall
D:6:      layout_loops_ring, mainiacjoe_overflow_two_lobes, serial_shops,
          nicolae_stop_n_shop_2, nicolae_stop_n_shop_2, nicolae_square_shop,
          nicolae_lakefront_shop, minmay_between, uniq_menkaure
D:7:      layout_loops_corners, serial_shops, shop_statue,
          gammafunk_ghost_grave, minivault_4
D:8:      cheibrodos_fertilizer, layout_loops_ring,
          mainiacjoe_overflow_six_doors_small, nicolae_elyvilon_temple_path,
          grunt_dithmenos_shadows
D:9:      nicolae_cairo_tiling_large_dashed, layout_basic, st_stairs_5,
          water_boxes_lemuel

Skill      XL: |  1  2  3  4  5  6  7  8  9 10 |
---------------+-------------------------------+-----
Earth Magic    | 4 5 6 7 8 9 |  9.6
Armour         | 1 2 3 4 6 7 |  7.3
Fighting       | 1 2 3 4 5 |  5.2
Dodging        | 2 |  2.3
Stealth        | 3 4 5 6 |  6.4
Spellcasting   | 3 4 5 6 7 |  7.0
Shields        | 1 2 4 |  4.8
Conjurations   | 3 5 6 |  6.3
Transmutations | |  0.7

Action                   |  1- 3 |  4- 6 |  7- 9 | 10-12 || total
-------------------------+-------+-------+-------+-------++-------
Melee: Short sword       |     9 |       |       |       ||     9
       Whip              |    44 |       |       |       ||    44
       Trident           |     5 |    51 |    74 |    32 ||   162
       Punch             |       |     1 |       |       ||     1
       Dagger            |       |       |    16 |       ||    16
 Cast: Sandblast         |    14 |    42 |   103 |    45 ||   204
       Stone Arrow       |       |       |    55 |    24 ||    79
  Use: Scroll            |       |     1 |     3 |       ||     4
 Stab: Sleeping          |     2 |     2 |     1 |       ||     5
Armor: Robe              |    17 |    18 |       |       ||    35
       Leather armour    |       |     7 |    96 |    20 ||   123
Dodge: Dodged            |    31 |    48 |    94 |    27 ||   200
Block: Buckler           |       |       |     8 |     9 ||    17
